 Dungeon Crawl Stone Soup version 0.18.1-50-g88ac8fd (webtiles) character file.

9 tyranidshit the Skirmisher (level 2, -5/24 HPs)
             Began as a Demonspawn Abyssal Knight on Oct 1, 2016.
             Was a Follower of Lugonu.
             Slain by a hobgoblin
             ... wielding a +0 club
              (7 damage)
             ... on level 1 of the Dungeon.
             The game lasted 00:02:20 (217 turns).

tyranidshit the Skirmisher (DsAK)                    Turns: 217, Time: 00:02:22

Health: -5/24      AC:  4    Str: 12    XL:     2   Next: 6%
Magic:  3/3        EV: 11    Int: 13    God:    Lugonu [*.....]
Gold:   66         SH:  0    Dex: 14    Spells: 0 memorised, 1 level left

rFire  . . .     SeeInvis .     f - +0 scythe
rCold  . . .     Gourm    .     g - +1 leather armour of the Fifty Demons {+Fly rPois Dex+2}
rNeg   . . .     Faith    .     (shield currently unavailable)
rPois  +         Spirit   .     (no helmet)
rElec  .         Dismiss  .     (no cloak)
rCorr  .         Reflect  .     (no gloves)
SustAt .         Harm     .     (no boots)
MR     .....                    (no amulet)
Stlth  +.........               (no ring)
                                (no ring)

@: not resistant to hostile enchantments, very unstealthy
A: powered by pain 1
a: Depart the Abyss, Renounce Religion, Evoke Flight


You were on level 1 of the Dungeon.
You worshipped Lugonu.
Lugonu was aware of your devotion.
You were not hungry.

You visited 1 branch of the dungeon, and saw 1 of its levels.
You visited the Abyss 1 time.

You collected 66 gold pieces.

Inventory:

Hand Weapons
 a - a +1 hand axe
 f - a +0 scythe (weapon)
Armour
 b - a +0 leather armour
 g - the +1 leather armour of the Fifty Demons (worn) {+Fly rPois Dex+2}
   (You found it on level 3 of the Abyss)

   It affects your dexterity (+2).
   It protects you from poison.
   It lets you fly.
Books
 e - a book of the Tempests

   Spells                             Type                      Level
   a - Static Discharge               Conjuration/Air              3
   b - Lightning Bolt                 Conjuration/Air              5
   c - Fireball                       Conjuration/Fire             5
   d - Tornado                        Air                          9
   e - Shatter                        Earth                        9
Comestibles
 c - a bread ration


   Skills:
 + Level 3.4 Fighting
 - Level 1.8 Axes
 - Level 1.8 Armour
 - Level 0.8 Dodging
 - Level 2.5 Invocations


You had one spell level left.
You didn't know any spells.

Dungeon Overview and Level Annotations

Branches:
Dungeon (1/15)

Altars:


Innate Abilities, Weirdness & Mutations

You sometimes gain a little power by taking damage.


Message History

You feel energised by your suffering. The kobold hits you.
* * * LOW HITPOINT WARNING * * *
The kobold closely misses you.
The hobgoblin hits you but does no damage.
The kobold hits you but does no damage.
You open the door. The hobgoblin misses you.
You hit the kobold.
You kill the kobold!
Lugonu accepts your kill. The hobgoblin closely misses you.
The kobold closely misses you. The kobold hits you.
* * * LOW HITPOINT WARNING * * *
The hobgoblin hits you but does no damage.
The kobold closely misses you.
There is an open door here.
You see here a kobold corpse.
Found a dagger and a scroll of remove curse.
You barely miss the hobgoblin. The hobgoblin hits you with a club!
You die...

####.. ......... .
##.......## ..
#.........# ###..#
#.........##....
#.............# #
#.........†.# .
#..........######.
#@gK.............#
#)..........(.##†#
#.........###.#...
#?........# #.)(<.
########.## ###)..
#.# #### #.# #.#


You could see a hobgoblin and a kobold.

Vanquished Creatures
  A giant gecko (D:1)
  2 goblins (D:1)
  2 hobgoblins (D:1)
  A kobold (D:1)
  A rat (D:1)
7 creatures vanquished.

Notes
Turn   | Place    | Note
--------------------------------------------------------------
     0 | Abyss:1  | tyranidshit the Demonspawn Abyssal Knight began the quest for the Orb.
     0 | Abyss:1  | Reached XP level 1. HP: 18/18 MP: 2/2
    48 | Abyss:2  | Found a corrupted altar of Lugonu.
    79 | Abyss:3  | Got an agate-encrusted leather armour
   153 | Abyss:3  | Noticed a neqoxec
   155 | D:1      | Escaped the Abyss
   170 | D:1      | Identified the cursed +1 leather armour of the Fifty Demons {+Fly rPois Dex+2} (You found it on level 3 of the Abyss)
   197 | D:1      | Reached * piety under Lugonu
   197 | D:1      | Gained mutation: You sometimes gain a little power by taking damage. [demonic ancestry]
   197 | D:1      | Reached XP level 2. HP: 6/24 MP: 3/3
   200 | D:1      | HP: 1/24 [kobold (1)]
   217 | D:1      | Slain by a hobgoblin

Action                   || total
-------------------------++-------
Melee: Scythe            ||    16
       Hand axe          ||     3
Invok: Depart the Abyss  ||     1
  Use: Scroll            ||     1
 Stab: Sleeping          ||     1
Armor: Leather armour    ||    11
Dodge: Dodged            ||    28
